 Dungeon Crawl Stone Soup version 0.14.1-27-g0f46f74 (webtiles) character file.

739 Mortal the Twirler (level 7, -2/60 HPs)
             Began as a Minotaur Gladiator on Aug 21, 2014.
             Slain by a hound (4 damage)
             ... on Level 5 of the Dungeon.
             The game lasted 00:21:17 (3852 turns).

Mortal the Twirler (Minotaur Gladiator)             Turns: 3852, Time: 00:21:17

HP  -2/60        AC 10     Str 24      XL: 7   Next: 13%
MP   3/3         EV  4     Int 10      God:
Gold 158         SH  0     Dex 13      Spells:  0 memorised,  6 levels left

rFire  . . .     SeeInvis .     a - +0 quarterstaff
rCold  . . .     Clarity  .     u - +0 chain mail (curse)
rNeg   . . .     Conserve .     (no shield)
rPois  .         rCorr    .     c - +0 hat
rElec  .         rRot     .     A - +0 cloak
SustAb . .       Spirit   .     (no gloves)
rMut   .         Warding  .     (no boots)
Saprov . . .     Stasis   .     g - amulet of rage
MR     .....                    (no ring)
                                (no ring)

@: mighty, brilliant, held, not resistant to hostile enchantments, extremely
unstealthy
A: retaliatory headbutt, horns 2
a: Evoke Berserk Rage


You were on level 5 of the Dungeon.
You were not hungry.

You visited 1 branch of the dungeon, and saw 5 of its levels.

You collected 158 gold pieces.

Inventory:

Hand weapons
 a - a +0,+0 quarterstaff (weapon)
Missiles
 d - 5 throwing nets (quivered)
Armour
 c - a +0 hat (worn)
 s - a +0 scale mail
 u - a cursed +0 chain mail (worn)
 w - a cursed +0 leather armour
 x - a +0 ring mail
 A - a +0 cloak (worn)
Comestibles
 f - 5 bread rations
 q - a choko
 B - a chunk of gnoll flesh
Scrolls
 e - 2 scrolls of remove curse {unknown}
 j - 3 scrolls of recharging {unknown}
 k - a scroll of fear {unknown}
 l - 6 scrolls of identify {unknown}
 m - a scroll of magic mapping {unknown}
 n - a scroll of fog {unknown}
 r - 4 scrolls of noise {unknown}
 t - a scroll of blinking {unknown}
 y - a scroll of enchant weapon I {unknown}
Jewellery
 g - an amulet of rage (around neck)
Potions
 i - a potion of cure mutation {unknown}
 o - a potion of haste {unknown}
 p - a potion of curing {unknown}
 v - a potion of paralysis {unknown}
 z - a potion of agility {unknown}


   Skills:
 + Level 4.4 Fighting
 * Level 6.6 Staves
 - Level 2.0 Throwing
 + Level 3.9 Armour
 + Level 5.3 Dodging


You had 6 spell levels left.
You didn't know any spells.

Dungeon Overview and Level Annotations

Branches:
Dungeon (5/15)
 Temple: D:4-7

Altars:
Kikubaaqudgha


Innate Abilities, Weirdness & Mutations

You reflexively headbutt those who attack you in melee.
You have a pair of horns on your head.


Message History

* * * LOW HITPOINT WARNING * * *
The orc priest looks braver.
You see here a throwing net.
Drink which item? (? for menu, Esc to quit)
Okay, then.
Drink which item? (? for menu, Esc to quit)
You feel clever all of a sudden.
It was a potion of brilliance.
The hound bites you but does no damage. The orc hits you.
* * * LOW HITPOINT WARNING * * *
The orc priest invokes the aid of Beogh against you.
Something smites you!
* * * LOW HITPOINT WARNING * * *
The hound bites you but does no damage.
Drink which item? (? for menu, Esc to quit)
You feel very mighty all of a sudden.
It was a potion of might.
The orc hits you.
* * * LOW HITPOINT WARNING * * *
The hound bites you.
You die...

......##....###..... .....##....#
#.... #...##....## ....
#...##o....# ... #####...#......#
. .....#....o.....#
......###o..###..#
.......##ho.......# .
.!....#@o....#...# .
.........r###.#...######.
#.##.#........#...g.....#
#.##.......#............# .
#.##...###.#.###...g....# #...
#.#..g.....#............# #...
#.......#.....#.......... ##...
#...###.#.###%#...##.....
..#....##.......#..(..#...##.....


You could see a hound, an orc priest, a gnoll, 4 orcs and a rat.

Vanquished Creatures
  A sky beast (D:5)
  A gnoll sergeant (D:4)
  A scorpion (D:5)
  A crimson imp (D:5)
  An orc wizard (D:4)
  A hound (D:5)
  A worker ant (D:4)
  Ijyb (D:2)
  Terence (D:2)
  9 gnolls
  A shadow imp (D:5)
  5 adders
  A giant mite (D:3)
  A worm (D:3)
  3 giant geckos
  An ooze (D:3)
  5 orcs
  A bat skeleton (D:4)
  6 giant cockroaches
  4 hobgoblins
  13 jackals
  6 kobolds
  11 bats
  4 giant newts
  15 goblins
  A kobold zombie (D:5)
  2 quokkas (D:4)
  7 rats
105 creatures vanquished.

Notes
Turn   | Place    | Note
--------------------------------------------------------------
     0 | D:1      | Mortal, the Minotaur Gladiator, began the quest for the Orb.
     0 | D:1      | Reached XP level 1. HP: 18/18 MP: 1/1
   390 | D:1      | Reached skill level 4 in Staves
   415 | D:1      | Reached XP level 2. HP: 20/25 MP: 1/1
   902 | D:2      | Reached skill level 1 in Armour
   959 | D:2      | Noticed Terence
   976 | D:2      | Killed Terence
   976 | D:2      | Reached XP level 3. HP: 20/30 MP: 2/2
  1448 | D:2      | Reached XP level 4. HP: 33/37 MP: 2/2
  1528 | D:2      | Noticed Ijyb
  1535 | D:2      | Killed Ijyb
  1538 | D:2      | Found an ancient bone altar of Kikubaaqudgha.
  2005 | D:3      | Reached skill level 5 in Staves
  2036 | D:3      | Reached XP level 5. HP: 27/45 MP: 2/2
  3034 | D:4      | Reached XP level 6. HP: 38/52 MP: 3/3
  3395 | D:5      | Entered Level 5 of the Dungeon
  3479 | D:5      | Reached skill level 6 in Staves
  3479 | D:5      | Reached skill level 5 in Dodging
  3696 | D:4      | Reached XP level 7. HP: 55/59 MP: 3/3
  3851 | D:5      | HP: 2/60 [orc priest/divine providence (9)]
  3852 | D:5      | Slain by a hound

Action                   |  1- 3 |  4- 6 |  7- 9 || total
-------------------------+-------+-------+-------++-------
Melee: Quarterstaff      |    93 |   200 |    22 ||   315
  Use: Potion            |       |       |     2 ||     2
